 Dungeon Crawl Stone Soup version 0.22-a0-565-gfc6459a (webtiles) character file.

915 Hebeh the Chopper (level 7, 0/62 HPs)
             Began as a Minotaur Fighter on June 28, 2018.
             Killed by divine providence
             ... invoked by an orc priest
              (15 damage)
             ... on level 4 of the Dungeon.
             The game lasted 00:12:44 (4870 turns).

Hebeh the Chopper (Minotaur Fighter)                Turns: 4870, Time: 00:12:45

Health: 0/62       AC: 14    Str: 22    XL:     7   Next: 82%
Magic:  6/6        EV:  4    Int:  5    God:
Gold:   261        SH: 10    Dex: 10    Spells: 6/6 levels left

rFire    . . .     SeeInvis .   a - +1 war axe
rCold    . . .     Gourm    .   c - +0 shield
rNeg     . . .     Faith    .   t - +0 plate armour
rPois    .         Spirit   .   (helmet restricted)
rElec    .         Reflect  .   w - +0 cloak
rCorr    .         Harm     .   (no gloves)
MR       .....                  (no boots)
Stlth    ..........             (no amulet)
HPRegen  0.20/turn              (no ring)
MPRegen  0.10/turn              (no ring)

@: about to teleport
A: retaliatory headbutt, horns 2
a: no special abilities


You were on level 4 of the Dungeon.
You were very hungry.

You visited 1 branch of the dungeon, and saw 4 of its levels.

You collected 261 gold pieces.

Inventory:

Hand Weapons
 a - a +1 war axe (weapon)
 b - a +1 flail of protection
Armour
 c - a +0 shield (worn)
 t - a +0 plate armour (worn)
 w - a +0 cloak (worn)
Jewellery
 h - an uncursed ring of resist corrosion {unknown}
Wands
 g - a wand of polymorph (19)
 v - a wand of random effects (51)
Scrolls
 e - 2 scrolls of identify
 k - a scroll of remove curse
Potions
 d - 3 potions of might
 j - 3 potions of cancellation
 l - 7 potions of curing {unknown}
 m - a potion of brilliance {unknown}
 n - 2 potions of ambrosia {unknown}
 o - a potion of berserk rage {unknown}
 p - 2 potions of invisibility {unknown}
 q - a potion of agility {unknown}
 r - a potion of resistance {unknown}
 s - a potion of heal wounds {unknown}
 u - a potion of flight {unknown}
Comestibles
 f - 10 rations


   Skills:
 + Level 5.9 Fighting
 * Level 7.2 Axes
 + Level 6.0 Armour
 + Level 6.0 Shields


You had 6 spell levels left.
You didn't know any spells.
Your spell library was empty.

Dungeon Overview and Level Annotations

Branches:
Dungeon (4/15)
 Temple: D:4-7

Altars:
Gozag
Xom
Yredelemnul

Annotations:
D:4 1 runed door, Amnesiac's ghost, amateur SpBe


Innate Abilities, Weirdness & Mutations

You reflexively headbutt those who attack you in melee.
You have a pair of horns on your head.


Message History

You closely miss the leopard gecko. Your headbutt misses the leopard gecko.
You closely miss the orc. You barely miss the orc priest.
Your shield and plate armour prevent you from hitting the ogre.
The leopard gecko bites you but does no damage.
You block the orc's attack.
The orc priest hits you but does no damage.
The ogre hits you with a giant club.
* * * LOW HITPOINT WARNING * * *
The leopard gecko bites you but does no damage.
You slash the ogre!
The ogre is heavily wounded.
You slash the orc priest! You closely miss the orc. You hit the leopard gecko.
You kill the leopard gecko!
You block the orc's attack. You block the orc priest's attack.
The ogre hits you but does no damage.
As you read the scroll of teleportation, it crumbles to dust.
You feel strangely unstable. The orc hits you but does no damage.
The orc priest invokes the aid of Beogh against you.
Beogh smites you!
You die...

####
#####......#
...# ##.....#
..## #.....#
..# #.....#
...# #.)...#
...+ #.....#
...# #.....#
..##
######.o...##
..##
.......†@...#
...#
......[.Oo..#
...#
............#
...#
........)...#
.###
..(.....[...#
.#
###+#..........
.# #..........
.# #..........
.# #.$........


You could see an ogre, an orc priest and an orc.

Vanquished Creatures
  2 ogres (D:4)
  2 big kobolds (D:3)
  3 orc priests
  Crazy Yiuf (D:2)
  An orc wizard (D:4)
  A centaur skeleton (D:4)
  Jessica (D:2)
  Terence (D:2)
  2 worker ants (D:4)
  10 gnolls
  7 adders
  An ooze (D:4)
  An adder skeleton (D:4)
  2 dart slugs
  3 leopard geckos
  10 orcs
  9 bats
  2 giant cockroaches
  29 hobgoblins
  5 jackals
  2 ball pythons
  6 frilled lizards
  43 goblins
  6 kobolds
  7 rats
157 creatures vanquished.

Vanquished Creatures (others)
  An orc wizard (D:3)
1 creature vanquished.

Grand Total: 158 creatures vanquished

Notes
Turn   | Place    | Note
-------+----------+-------------------------------------------
     0 | D:1      | Hebeh the Minotaur Fighter began the quest for the Orb.
     0 | D:1      | Reached XP level 1. HP: 19/19 MP: 0/0
   233 | D:1      | Reached XP level 2. HP: 27/27 MP: 1/1
   310 | D:1      | Reached skill level 3 in Axes
   737 | D:2      | Noticed Jessica
   739 | D:2      | Killed Jessica
   739 | D:2      | Reached XP level 3. HP: 33/33 MP: 2/2
   863 | D:2      | Reached XP level 4. HP: 36/40 MP: 3/3
  1515 | D:2      | Noticed Terence
  1518 | D:2      | Killed Terence
  1518 | D:2      | Reached skill level 4 in Axes
  1609 | D:2      | Found a runed door.
  1713 | D:2      | Found an opulent altar of Gozag.
  1713 | D:2      | Found a basalt altar of Yredelemnul.
  1897 | D:2      | Noticed Crazy Yiuf
  1906 | D:2      | Killed Crazy Yiuf
  1906 | D:2      | Reached XP level 5. HP: 35/47 MP: 4/4
  3055 | D:3      | Reached skill level 5 in Axes
  3242 | D:3      | Reached XP level 6. HP: 55/55 MP: 5/5
  3315 | D:3      | Reached skill level 5 in Fighting
  3315 | D:3      | Reached skill level 5 in Armour
  3315 | D:3      | Reached skill level 5 in Shields
  3400 | D:3      | Reached skill level 6 in Axes
  3543 | D:3      | Reached XP level 7. HP: 55/61 MP: 6/6
  4588 | D:4      | Found a runed door.
  4588 | D:4      | Found a shimmering altar of Xom.
  4588 | D:4      | Noticed a flail of chaos
  4588 | D:4      | Noticed Amnesiac's ghost (amateur SpBe)
  4590 | D:4      | Reached skill level 7 in Axes
  4870 | D:4      | Killed from afar by an orc priest

Vault maps used:
D:1:      dpeg_arrival_refuge, minmay_misc_feat_encased, minmay_pentomino_r2
D:2:      gammafunk_temple_overflow_elements, st_stairs_8, uniq_terence,
          uniq_jessica, uniq_crazy_yiuf_cottage
D:3:      minmay_goblin_kobold_castle, first_ration
D:4:      minmay_wonky_spiral, marbit_many_paths, ebering_ghost_xom

Skill      XL: |  1  2  3  4  5  6  7 |
---------------+----------------------+-----
Axes           | 3 4 5 6 7 |  7.2
Shields        | 4 5 6 |  6.0
Fighting       | 4 5 |  5.9
Armour         | 4 5 6 |  6.0

Action                   |  1- 3 |  4- 6 |  7- 9 || total
-------------------------+-------+-------+-------++-------
Melee: War axe           |    77 |   211 |    54 ||   342
       Headbutt          |     8 |    26 |    11 ||    45
  Use: Scroll            |       |     6 |     2 ||     8
  Eat: Chunk             |       |     9 |     3 ||    12
Armor: Scale mail        |    39 |     5 |       ||    44
       Plate armour      |       |   114 |    58 ||   172
Dodge: Dodged            |    24 |    38 |    12 ||    74
Block: Shield            |    52 |   127 |    34 ||   213

Table legend:
 A = Spawn XP
 B = Non-spawn XP
 C = Spawn XP percentage of total XP
 D = Spawn monster count
 E = Non-spawn monster count
 F = Spawn count percentage of total count
 G = Total turns spent on level
                    A         B        C        D         E        F      G
               +---------+---------+-------+---------+---------+-------+---------
         Total |       0 |    1308 |   0.0 |       0 |     158 |   0.0 |  4870
               +---------+---------+-------+---------+---------+-------+---------
           D:1 |       0 |      40 |   0.0 |       0 |      24 |   0.0 |   712
           D:2 |       0 |     170 |   0.0 |       0 |      18 |   0.0 |  1353
           D:3 |       0 |     525 |   0.0 |       0 |      88 |   0.0 |  1912
           D:4 |       0 |     573 |   0.0 |       0 |      28 |   0.0 |   893
               +---------+---------+-------+---------+---------+-------+---------
